 Dungeon Sprint DCSS version 0.30.1-11-g7821555f0a (webtiles) character file.

Game seed: 1061484425075082581

336 Groucho the Covert (level 6, 0/30 HPs)
             Began as a Spriggan Enchanter on Dec 16, 2023.
             Was a High Priest of Sif Muna.
             Slain by a flying skull (8 damage)
             ... in the Dungeon (Sprint VII: "The Pits").
             The game lasted 00:04:52 (1545 turns).

Groucho the Covert (Spriggan Enchanter)             Turns: 1545, Time: 00:04:52

Health: 0/30       AC:  2    Str:  4    XL:     6   Next: 28%
Magic:  9/16       EV: 17    Int: 18    God:    Sif Muna [*****.]
Gold:   0          SH:  0    Dex: 16    Spells: 7/18 levels left

rFire   . . .        n - +2 dagger (elec)
rCold   . . .        (no shield)
rNeg    . . .        b - +0 robe
rPois   .            (helmet restricted)
rElec   .            (no cloak)
rCorr   .            (gloves unavailable)
SInv    +            (boots unavailable)
Will    +....        (no amulet)
Stlth   +++++        (no ring)
HPRegen 0.25/turn    (no ring)
MPRegen 0.15/turn

%: no teleportation
@: confusing by touch, very quick
A: very small, no large weapons, unfitting armour, see invisible, speed 3
a: Renounce Religion, Channel Magic, Forget Spell, Divine Exegesis


You were in the Dungeon.
You worshipped Sif Muna.
Sif Muna was extremely pleased with you.
You visited 1 branch

Inventory:

Hand Weapons
 a - a +2 dagger
 n - a +2 dagger of electrocution (weapon)
Missiles
 m - 10 stones (quivered)
Armour
 b - a +0 robe (worn)
Scrolls
 i - a scroll of blinking
 j - 5 scrolls of amnesia
 k - a scroll of butterflies
 l - 2 scrolls of vulnerability
Potions
 c - 4 potions of invisibility
 d - 6 potions of curing
 e - 5 potions of heal wounds
 f - a potion of haste
 g - 3 potions of magic
 h - 3 potions of berserk rage


   Skills:
 - Level 2.0 Fighting
 - Level 5.0 Short Blades
 - Level 3.0 Dodging
 + Level 11.4 Stealth
 + Level 6.9 Spellcasting
 + Level 7.5 Hexes
 + Level 6.4 Invocations


You had 7 spell levels left.
You knew the following spells:

 Your Spells              Type           Power      Damage    Failure   Level
a - Ensorcelled Hibernat  Hex/Ice        38%        N/A       3%          2
b - Confusing Touch       Hex            33%        N/A       1%          3
c - Dazzling Flash        Conj/Hex       38%        N/A       7%          3
d - Tukima's Dance        Hex            33%        N/A       1%          3

Your spell library contained the following spells:

 Spells                   Type           Power      Damage    Failure   Level


Dungeon Overview and Level Annotations

Branches:
Dungeon (1/1)

Altars:
Ashenzari
Cheibriados
Dithmenos
Elyvilon
Fedhas
Gozag
Hepliaklqana
Kikubaaqudgha
Makhleb
Nemelex Xobeh
Okawaru
Qazlal
Ru
Sif Muna
Trog
Uskayaw
Vehumet
Wu Jian
Xom
Yredelemnul
Zin
The Shining One
Jiyva
Lugonu


Innate Abilities, Weirdness & Mutations

You are very small and have problems with some larger weapons.
You are too small for most types of armour.
You have supernaturally acute eyesight. (SInv)
You cover ground extremely quickly. (Speed+++)


Message History

You barely miss Menkaure.
Menkaure's bandages flutter.
Menkaure hits you.
You are too injured to fight recklessly!
You are too injured to fight recklessly!
You are too injured to fight recklessly!
The flying skull gives a hideous shriek!
You hit Menkaure but do no damage. Menkaure hits you.
You barely miss Menkaure. You hit Menkaure but do no damage.
Menkaure appears confused.
Menkaure completely misses you. The flying skull misses you.
Unknown command.
You strike the helpless Menkaure from behind!
You impale Menkaure!!
You destroy Menkaure!
Sif Muna accepts your kill.
Sif Muna will now gift you books as you gain piety.
You see here Sif Muna's Exposition on the Birds and the Swarm {god gift}.
Sif Muna grants you a gift! The flying skull hits you.
* * * LOW HITPOINT WARNING * * *
Your Stealth skill increases to level 11!
Your Spellcasting skill increases to level 6!
Your Hexes skill increases to level 7!
Your Invocations skill increases to level 6!
You have reached level 6!
You feel much better. The flying skull barely misses you.
The flying skull hits you.
Casting: Confusing Touch (safe; 1% risk of failure)
Confirm with . or Enter, or press ? or * to list all spells.
Your hands begin to glow red.
The flying skull hits you!
You barely miss the flying skull. The flying skull hits you.
* * * LOW HITPOINT WARNING * * *
You miss the flying skull. The flying skull closely misses you.
You hit the flying skull but do no damage.
The flying skull hits you.
* * * LOW HITPOINT WARNING * * *
You closely miss the flying skull. The flying skull barely misses you.
The flying skull hits you!
You die...

#.#..#####.##.......#
#.#..'..)#.##.......#
#.#..'...).##.......#
#†#..########...<...#
#.#..'.).)[##.......#
#.#..#.)))[##.......#
#'###########.......#
#..#.#.##z. #########
#...@...#h#
##.#z#.##M#
#.......#'#
##.#.#.##.+
#......h#'#
##.#.#..'†#
##########


You could see a warg (wandering) and a flying skull.

Vanquished Creatures
  Menkaure (D)
  A sky beast (D)
  A scorpion (D)
  A quasit (D)
  A river rat (D)
  An ufetubus (D)
  2 adder skeletons (D)
  2 worms (D)
  An orc (D)
  A ball python (D)
  3 hobgoblins (D)
  2 jackals (D)
  A frilled lizard (D)
  A kobold (D)
19 creatures vanquished.

Notes
Turn   | Place    | Note
-------+----------+-------------------------------------------
     0 | D        | Groucho the Spriggan Enchanter began the quest for the Orb.
     0 | D        | Reached XP level 1. HP: 9/9 MP: 5/5
    13 | D        | Reached skill level 1 in Fighting
    13 | D        | Reached skill level 5 in Stealth
    13 | D        | Reached XP level 2. HP: 14/14 MP: 7/7
    16 | D        | Learned a level 2 spell: Ensorcelled Hibernation
    45 | D        | Found a glowing golden altar of the Shining One.
    45 | D        | Found a glowing silver altar of Zin.
    45 | D        | Found a basalt altar of Yredelemnul.
    45 | D        | Found a shimmering altar of Xom.
    45 | D        | Found an ornate altar of the Wu Jian Council.
    45 | D        | Found a bloodstained altar of Trog.
    45 | D        | Found a shimmering blue altar of Sif Muna.
    45 | D        | Found a sacrificial altar of Ru.
    45 | D        | Found a stormy altar of Qazlal.
    45 | D        | Found an iron altar of Okawaru.
    45 | D        | Found a sparkling altar of Nemelex Xobeh.
    45 | D        | Found a burning altar of Makhleb.
    45 | D        | Found a viscous altar of Jiyva.
    45 | D        | Found a hazy altar of Hepliaklqana.
    45 | D        | Found an opulent altar of Gozag.
    45 | D        | Found a blossoming altar of Fedhas.
    45 | D        | Found a white marble altar of Elyvilon.
    45 | D        | Found a shadowy altar of Dithmenos.
    45 | D        | Found a snail-covered altar of Cheibriados.
    46 | D        | Found a radiant altar of Vehumet.
    46 | D        | Found a corrupted altar of Lugonu.
    47 | D        | Found a hide-covered altar of Uskayaw.
    47 | D        | Found an ancient bone altar of Kikubaaqudgha.
    47 | D        | Found a broken altar of Ashenzari.
    55 | D        | Became a worshipper of Sif Muna the Loreminder
    75 | D        | Reached * piety under Sif Muna
   423 | D        | Noticed a sky beast
   438 | D        | Reached ** piety under Sif Muna
   762 | D        | Killed a sky beast
   763 | D        | Reached skill level 8 in Stealth
   763 | D        | Reached skill level 5 in Hexes
   763 | D        | Reached XP level 3. HP: 18/18 MP: 3/9
   763 | D        | Reached XP level 4. HP: 23/23 MP: 3/11
  1071 | D        | Noticed a scorpion
  1093 | D        | Reached *** piety under Sif Muna
  1390 | D        | Killed a scorpion
  1391 | D        | Reached skill level 5 in Short Blades
  1391 | D        | Reached skill level 9 in Stealth
  1391 | D        | Reached skill level 5 in Invocations
  1391 | D        | Reached XP level 5. HP: 26/26 MP: 8/13
  1395 | D        | Learned a level 3 spell: Confusing Touch
  1399 | D        | Learned a level 3 spell: Dazzling Flash
  1403 | D        | Learned a level 3 spell: Tukima's Dance
  1412 | D        | Reached skill level 5 in Spellcasting
  1414 | D        | Reached skill level 10 in Stealth
  1417 | D        | Reached **** piety under Sif Muna
  1469 | D        | Noticed a flying skull
  1469 | D        | Noticed a warg
  1469 | D        | Noticed Menkaure
  1539 | D        | Killed Menkaure
  1539 | D        | Reached ***** piety under Sif Muna
  1539 | D        | Received a gift from Sif Muna
  1540 | D        | Reached skill level 11 in Stealth
  1540 | D        | Reached XP level 6. HP: 5/30 MP: 11/16
  1545 | D        | Slain by a flying skull

Illustrated notes

Levels and vault maps discovered:
D:        pitsprint [storerooms_1, entrance_room_1, metal_vault_2, armoury_2,
          mini_pit_1, grid_room_1, main_hall_1, silver_pit, the_coven_2,
          the_vestibule_1, steel_vault_4, golden_pit, hallway_of_sentries,
          crystal_vault_3, iron_vault_4, final_vault]

Skill      XL: |  1  2  3  4  5 |
---------------+----------------+-----
Fighting       | 1 2 |  2.0
Short Blades   | 2 4 5 |  5.0
Dodging        | 3 |  3.0
Stealth        | 5 8 9 11 | 11.4
Spellcasting   | 3 4 6 |  6.9
Hexes          | 4 5 7 |  7.5
Invocations    | 3 5 6 |  6.4

Action                     |  1- 3 |  4- 6 || total
---------------------------+-------+-------++-------
  Melee: Dagger            |    13 |    22 ||    35
   Cast: Ensorcelled Hiber |    12 |     4 ||    16
         Confusing Touch   |       |     4 ||     4
    Use: Potion            |     1 |     1 ||     2
   Stab: Sleeping          |     9 |     6 ||    15
         Confused          |       |     2 ||     2
 Armour: Robe              |       |     1 ||     1
  Dodge: Dodged            |    14 |    13 ||    27
